[Event "1st Turkish League 2017"]
[Site "Konya"]
[Date "2017.07.21"]
[Round "7"]
[White "Kucuk, Dogan"]
[Black "Erturan, Yakup"]
[Result "0-1"]
[ECO "B15"]
[WhiteElo "2048"]
[BlackElo "2371"]
[Annotator "NA"]
[PlyCount "212"]
[EventType "team-tourn"]
[EventCountry "TUR"]
[SourceTitle "playchess.com"]
[Source "ChessBase"]
[SourceQuality "1"]
[TimeControl "5400+30"]

1. e4 g6 2. Nc3 Bg7 3. d4 c6 4. Nf3 d5 5. h3 dxe4 6. Nxe4 Nd7 7. Bc4 Ngf6 8. Nxf6+ Nxf6 9. O-O O-O 10. c3 Bf5 11. Re1 Qc7 {[%emt 0:05:30] LiveBook: 3 Games} 12. Ne5 $16 Nd5 13. Bxd5 cxd5 14. Qb3 Be6 15. Bf4 Qc8 16. Re2 b6 17. Rae1 Qb7 18. Nf3 Rfe8 19. Be5 Bf8 20. Nd2 Qd7 21. Bg3 Bf5 22. Nf3 Rac8 23. Rd2 f6 24. Nh4 Be6 25. Qd1 Bf7 26. Qg4 e6 27. Qe2 b5 28. Rc2 Rc4 29. Nf3 Rec8 30. a3 a5 31. Bf4 b4 32. axb4 axb4 33. Bd2 bxc3 34. Bxc3 Bb4 35. Rec1 Qc7 36. Nd2 Rc6 37. Qf3 Be7 38. Nb3 Qb8 39. Nc5 e5 40. b4 exd4 41. Bd2 Qb5 42. Re1 Bf8 43. Qf4 d3 44. Rcc1 Bg7 45. Qd4 f5 46. Qxd3 Qxd3 47. Nxd3 Rxc1 48. Rxc1 Rxc1+ 49. Nxc1 Kf8 50. Kf1 Ke7 51. Ke2 Kd6 52. Kd3 Be8 53. Bf4+ Ke6 54. Ne2 Bb5+ 55. Ke3 Bc4 56. g3 Bb2 57. Nd4+ Kd7 58. Be5 Bc3 59. b5 Bxb5 60. Nf3 Bb4 61. Ng5 h6 62. Nf3 Ba3 63. Kd2 Ba4 64. Bg7 h5 65. Bd4 Ke6 66. Ng5+ Ke7 67. Nf3 f4 68. gxf4 Ke6 69. Be5 Bc5 70. Nd4+ Kf7 71. h4 Bd7 72. Kd3 Bg4 73. f3 Bd7 74. f5 Bxf5+ 75. Ke3 Bb1 76. Bf4 Ke7 77. Bg5+ Kd7 78. Bf4 Be7 79. Bg3 Bf6 80. Ne2 Kc6 81. Bf2 Kc5 82. Bg3 Kc4 83. Kd2 Bf5 84. Bf2 d4 85. Nf4 d3 86. Ng2 Bc3+ 87. Kd1 Kb3 88. Ne3 Be6 89. Nf1 Bd5 90. Nd2+ Kb4 91. Be3 Kb5 92. f4 Kc6 93. Nf1 Bf3+ 94. Kc1 Be1 95. f5 gxf5 96. Bg5 Kd7 97. Kb2 Ke6 98. Nd2 Be4 99. Nc4 Bd5 100. Ne3 Ke5 101. Nd1 f4 102. Nc3 f3 103. Nd1 f2 104. Ne3 Be6 105. Nf1 Bh3 106. Ne3 f1=Q 0-1

[Event "1st Turkish League 2017"]
[Site "Konya"]
[Date "2017.07.21"]
[Round "7"]
[White "Guncan, Berke"]
[Black "Kilic, Efe Mert"]
[Result "0-1"]
[ECO "C49"]
[WhiteElo "2043"]
[BlackElo "2287"]
[Annotator "NA"]
[PlyCount "102"]
[EventType "team-tourn"]
[EventCountry "TUR"]
[SourceTitle "playchess.com"]
[Source "ChessBase"]
[SourceQuality "1"]
[TimeControl "5400+30"]

1. e4 e5 2. Nf3 Nc6 3. Nc3 Nf6 4. Bb5 Bb4 5. O-O O-O 6. d3 {[%emt 0:00:00] LiveBook: 1460 Games} Bxc3 7. bxc3 d6 8. Bg5 Qe7 9. Re1 Bg4 10. h3 Bxf3 11. Qxf3 Nd8 12. d4 Ne6 13. Be3 c5 14. dxe5 dxe5 15. Bc4 Nc7 $14 16. Bg5 b5 17. Bd5 Ncxd5 18. exd5 Rad8 19. Rad1 Rfe8 20. Re4 Qd6 21. Bxf6 Qxf6 22. Qxf6 gxf6 23. c4 b4 24. f4 exf4 25. Rxe8+ Rxe8 26. Kf2 Kf8 27. d6 Rd8 28. Kf3 Ke8 29. Ke4 Kd7 30. Kd5 Rg8 31. Kxc5 Rxg2 32. Kxb4 Rxc2 33. a4 f3 34. c5 a6 35. Rf1 f2 36. Rd1 Rd2 37. Rf1 Kc6 38. Kc3 Rd5 39. Rxf2 Rxc5+ 40. Kb3 f5 41. Rd2 Kd7 42. Kb4 Re5 43. Rg2 f4 44. Kc3 f3 45. Rf2 Rf5 46. Kd3 Kxd6 47. Ke4 Ke6 48. Kd4 Rf4+ 49. Kc5 Ke5 50. a5 Ke4 51. Kb6 Rf6+ 0-1

[Event "1st Turkish League 2017"]
[Site "Konya"]
[Date "2017.07.21"]
[Round "7"]
[White "Okus, Melih"]
[Black "Baylav, Can"]
[Result "0-1"]
[ECO "B22"]
[WhiteElo "2041"]
[BlackElo "2001"]
[Annotator "NA"]
[PlyCount "118"]
[EventType "team-tourn"]
[EventCountry "TUR"]
[SourceTitle "playchess.com"]
[Source "ChessBase"]
[SourceQuality "1"]
[TimeControl "5400+30"]

1. e4 c5 2. c3 d5 3. exd5 Qxd5 4. d4 Nf6 5. Nf3 Bg4 6. Nbd2 {[%emt 0:00:00] LiveBook: 212 Games} e6 7. Bc4 Qd7 8. Qb3 $11 (8. h3 $5 Bxf3 9. Nxf3 $14) 8... Bd6 9. Ne5 Qc7 10. Nxg4 Nxg4 11. Ne4 O-O 12. h3 Nf6 13. Nxf6+ gxf6 14. Bh6 Re8 15. O-O Kh8 16. d5 e5 17. Qd1 Nd7 18. Qh5 Nb6 19. Qh4 Be7 20. d6 Qxd6 21. Bxf7 Qc6 22. Bxe8 Rxe8 23. f3 Rg8 24. Qe4 Qe6 25. Kh1 f5 26. Qxb7 f4 27. Bxf4 exf4 28. Rae1 Qg6 29. Rg1 Bh4 30. Re4 Bf2 31. Rxf4 Bxg1 32. Rg4 Qb1 33. Rxg8+ Kxg8 34. Qb8+ Kf7 35. Qxa7+ Ke8 36. Qb8+ Ke7 37. Qb7+ Nd7 38. Qe4+ Qxe4 39. fxe4 Be3 40. g4 Bc1 41. b3 Nf6 42. e5 Ne4 43. c4 Ke6 44. Kg2 Kxe5 45. Kf3 h6 46. h4 Nf6 47. g5 hxg5 48. hxg5 Ne8 49. Ke2 Nc7 50. Kd3 Na6 51. g6 Nb4+ 52. Kc3 Kf6 53. a4 Kxg6 54. a5 Be3 55. Kb2 Kf5 56. Ka3 Ke4 57. Ka4 Kd3 58. Kb5 Kc3 59. a6 Nxa6 0-1

[Event "1st Turkish League 2017"]
[Site "Konya"]
[Date "2017.07.21"]
[Round "7"]
[White "Karacan, Can Berk"]
[Black "Dedebas, Emre Emin"]
[Result "1/2-1/2"]
[ECO "C79"]
[WhiteElo "2009"]
[BlackElo "2322"]
[Annotator "NA"]
[PlyCount "64"]
[EventType "team-tourn"]
[EventCountry "TUR"]
[SourceTitle "playchess.com"]
[Source "ChessBase"]
[SourceQuality "1"]
[TimeControl "5400+30"]

1. e4 e5 2. Nf3 Nc6 3. Bb5 a6 4. Ba4 Nf6 5. d3 d6 6. O-O b5 {[%emt 0:03:00] LiveBook: 44 Games} 7. Bb3 Na5 8. Nbd2 Nxb3 9. axb3 c5 10. Re1 Be7 11. Nf1 $11 O-O 12. c3 Re8 13. Ng3 h6 14. d4 Qc7 15. d5 Bf8 16. h3 g6 17. Be3 Bg7 18. Nh2 h5 19. Nf3 Nh7 20. Qd2 Qe7 21. Ng5 h4 22. Nf1 Nf6 23. Rad1 Bh6 24. Nh2 Nh5 25. Ng4 Bxg4 26. hxg4 Nf6 27. f3 Qd7 28. Nh3 Bxe3+ 29. Qxe3 Nh7 30. Qh6 Qe7 31. g5 a5 32. Qxh4 a4 1/2-1/2

[Event "1st Turkish League 2017"]
[Site "Konya"]
[Date "2017.07.21"]
[Round "7"]
[White "Zeydan, Salih"]
[Black "Yelligedik, Murat"]
[Result "1-0"]
[ECO "B06"]
[WhiteElo "2001"]
[BlackElo "2014"]
[Annotator "NA"]
[PlyCount "101"]
[EventType "team-tourn"]
[EventCountry "TUR"]
[SourceTitle "playchess.com"]
[Source "ChessBase"]
[SourceQuality "1"]
[TimeControl "5400+30"]

1. e4 g6 2. d4 Bg7 3. Nc3 d6 4. Be3 a6 5. a4 b6 6. h3 $11 {[%emt 0:00:00] LiveBook: 11 Games} Bb7 7. Nf3 e6 8. Qd2 h6 9. Rd1 Nd7 10. Bd3 Ne7 11. Ne2 Qb8 12. c3 Qa7 13. O-O Rc8 14. Ng3 Qa8 15. Rfe1 Kf8 16. Bb1 Kg8 17. h4 Nf6 18. h5 Nxe4 19. Nxe4 Bxe4 20. Bxe4 Qxe4 21. Bg5 Qf5 22. Bxe7 g5 23. d5 e5 24. Qe2 Re8 25. Bxd6 cxd6 26. Qxa6 g4 27. Nd2 Qxh5 28. Ne4 Qg6 29. Qxb6 Bf8 30. Qc6 Rb8 31. b4 h5 32. Qd7 h4 33. Qxg4 Qxg4 34. Nf6+ Kg7 35. Nxg4 Rc8 36. Rc1 f5 37. Nh2 Kf6 38. Rc2 Rc4 39. a5 Be7 40. Ra1 Rb8 41. a6 Bd8 42. a7 Ra8 43. Ra6 Ke7 44. Nf3 Kd7 45. b5 Rc7 46. b6 Rb7 47. Rb2 Kc8 48. Nd2 Rd7 49. Nc4 Kb7 50. Ra3 Rc8 51. Na5+ 1-0

[Event "1st Turkish League 2017"]
[Site "Konya"]
[Date "2017.07.21"]
[Round "7"]
[White "Gokbulut, Julia"]
[Black "Temel, Burcu Melis"]
[Result "1-0"]
[ECO "D38"]
[WhiteElo "1997"]
[BlackElo "1846"]
[Annotator "NA"]
[PlyCount "73"]
[EventType "team-tourn"]
[EventCountry "TUR"]
[SourceTitle "playchess.com"]
[Source "ChessBase"]
[SourceQuality "1"]
[TimeControl "5400+30"]

1. d4 Nf6 2. c4 e6 3. Nc3 Bb4 4. e3 d5 5. Qa4+ Nc6 6. Nf3 O-O 7. Bd2 Bd7 8. Qc2 $11 {[%emt 0:00:30] LiveBook: 36 Games} Re8 9. a3 Bf8 10. Bd3 dxc4 11. Bxc4 Na5 12. Bd3 c5 13. dxc5 b6 14. b4 Nb7 15. cxb6 Qxb6 16. Ne5 Red8 17. Ne4 Nxe4 18. Bxe4 f5 19. Nxd7 Rxd7 20. Bf3 Rad8 21. Rd1 Nd6 22. O-O Rc7 23. Qa2 Nc4 24. Bc1 Rdc8 25. Bb2 a5 26. Bd4 Qa6 27. Qb3 Qb5 28. e4 fxe4 29. Bxe4 axb4 30. axb4 Qxb4 31. Qh3 Nd6 32. Qxh7+ Kf7 33. Bg6+ Ke7 34. Bxg7 Bxg7 35. Qxg7+ Kd8 36. Qe5 Kd7 37. Bf7 1-0

[Event "1st Turkish League 2017"]
[Site "Konya"]
[Date "2017.07.21"]
[Round "7"]
[White "Kara, Yanki"]
[Black "Erdogan, Anil Berk"]
[Result "1/2-1/2"]
[ECO "D78"]
[WhiteElo "1962"]
[BlackElo "2088"]
[Annotator "NA"]
[PlyCount "66"]
[EventType "team-tourn"]
[EventCountry "TUR"]
[SourceTitle "playchess.com"]
[Source "ChessBase"]
[SourceQuality "1"]
[TimeControl "5400+30"]

1. Nf3 Nf6 2. g3 d5 3. Bg2 c6 4. c4 g6 $14 5. b3 Bg7 6. O-O Ne4 7. d4 O-O 8. Bb2 Qb6 9. Nc3 Bf5 10. Qc1 Nd7 11. Rd1 Rac8 12. e3 Rfd8 13. Nh4 Nxc3 14. Bxc3 Bg4 15. Re1 e5 16. Qd2 exd4 17. exd4 dxc4 18. bxc4 Nf8 19. Rab1 Qc7 20. Qb2 b6 21. Nf3 Be6 22. Bf1 b5 23. Qd2 Rd7 24. Ba5 Qd6 25. Bb4 Qc7 26. Ba5 Qd6 27. Bb4 Qb8 28. Bc5 a6 29. a4 Qa8 30. Qc3 bxc4 31. Bxc4 Rb8 32. Rxb8 Qxb8 33. Bxa6 Qa8 1/2-1/2

[Event "1st Turkish League 2017"]
[Site "Konya"]
[Date "2017.07.21"]
[Round "7"]
[White "Gulbeyaz, Emir"]
[Black "Isik, Alparslan"]
[Result "0-1"]
[ECO "D00"]
[WhiteElo "1952"]
[BlackElo "2211"]
[Annotator "NA"]
[PlyCount "48"]
[EventType "team-tourn"]
[EventCountry "TUR"]
[SourceTitle "playchess.com"]
[Source "ChessBase"]
[SourceQuality "1"]
[TimeControl "5400+30"]

1. d4 Nf6 2. Bg5 d5 3. Bxf6 gxf6 4. e3 c5 5. c3 e6 6. Nd2 Nc6 {[%emt 0:02:30] LiveBook: 4 Games} 7. Bd3 Bd7 8. Qh5 Bd6 9. dxc5 Bxc5 10. e4 $17 (10. Nb3 $11 Bd6 11. Nf3) 10... Ne5 11. Be2 Bc6 12. O-O-O Qb6 13. Qh4 Be7 14. exd5 Bxd5 15. Ngf3 Ng6 16. Qa4+ Bc6 17. Qc4 O-O-O 18. Nb3 Kb8 19. Nbd4 Bd5 20. Qb5 Qc7 21. Kb1 Nf4 22. Rhg1 e5 23. Nc2 a6 24. Qa4 Nxe2 0-1

[Event "1st Turkish League 2017"]
[Site "Konya"]
[Date "2017.07.21"]
[Round "7"]
[White "Demirtas, Hafize"]
[Black "Yorgun, Yaren Naz"]
[Result "1/2-1/2"]
[ECO "B07"]
[WhiteElo "1676"]
[BlackElo "1733"]
[Annotator "NA"]
[PlyCount "94"]
[EventType "team-tourn"]
[EventCountry "TUR"]
[SourceTitle "playchess.com"]
[Source "ChessBase"]
[SourceQuality "1"]
[TimeControl "5400+30"]

1. e4 d6 2. d4 Nf6 3. Nc3 Nbd7 4. g3 e5 5. Nge2 Be7 6. Bg2 c6 7. a4 b6 8. O-O Bb7 9. h3 Qc7 10. Be3 a6 11. Rb1 b5 12. axb5 cxb5 13. dxe5 dxe5 14. Nd5 Nxd5 15. exd5 Bd6 16. g4 Rc8 17. c3 O-O 18. Ng3 Rfd8 19. Nf5 Nb6 20. Bxb6 Qxb6 21. Qd2 Bf8 22. Rfd1 g6 23. Ng3 Rc7 24. Qe2 Rcd7 25. Qxe5 Bd6 26. Qd4 Qxd4 27. Rxd4 Bxg3 28. fxg3 Bxd5 29. Rbd1 Be6 30. Rxd7 Rxd7 31. Rxd7 Bxd7 32. b4 Bc8 33. Kf2 Kf8 34. Ke3 Ke7 35. Kd4 Kd6 36. g5 Bd7 37. h4 Be6 38. Bf3 Bd7 39. Bd5 Be6 40. Bf3 Bd7 41. Bd5 Be6 42. Be4 Bc8 43. Bd5 Be6 44. Bh1 Bc8 45. Bg2 Bd7 46. Bb7 Kc7 47. Bg2 a5 1/2-1/2

[Event "1st Turkish League 2017"]
[Site "Konya"]
[Date "2017.07.21"]
[Round "7"]
[White "Altinoz, Fevziye Ece"]
[Black "Nechaeva, Marina"]
[Result "0-1"]
[ECO "D02"]
[WhiteElo "1666"]
[BlackElo "2408"]
[Annotator "NA"]
[PlyCount "102"]
[EventType "team-tourn"]
[EventCountry "TUR"]
[SourceTitle "playchess.com"]
[Source "ChessBase"]
[SourceQuality "1"]
[TimeControl "5400+30"]

1. d4 d5 2. Bf4 Nf6 3. e3 c5 4. c3 Nc6 5. Nf3 Qb6 6. Qb3 c4 7. Qxb6 axb6 8. Be2 Bf5 9. Nbd2 b5 10. O-O {[%emt 0:09:30] LiveBook: 5 Games} b4 11. cxb4 (11. Nh4 $5 Bg4 12. Bxg4 Nxg4 13. Nhf3 $11) 11... Nxb4 12. a3 Nd3 13. Bxd3 Bxd3 14. Rfc1 e6 15. Ne5 Bf5 $11 16. f3 b5 17. g4 Bg6 18. h4 Nd7 19. Nxg6 hxg6 20. Bg3 Be7 21. g5 f6 22. f4 Kf7 23. Kg2 Ra4 24. Rab1 Rha8 25. Be1 Nb8 26. Nf3 Nc6 27. Kg3 Bd6 28. Bc3 Ne7 29. Ne1 Nf5+ 30. Kf2 Nxh4 31. gxf6 gxf6 32. Nc2 Rh8 33. Rh1 Raa8 34. Nb4 Nf5 35. Rbg1 Kg7 36. Bd2 Bxb4 37. Bxb4 Rxh1 38. Rxh1 Rh8 39. Rxh8 Kxh8 40. Be1 Kg7 41. Kf3 g5 42. fxg5 fxg5 43. Bf2 Nd6 44. Bg3 Ne4 45. Be5+ Kg6 46. Kg2 Kf5 47. Kf3 Nd2+ 48. Kf2 Ke4 49. Ke2 Nb3 50. Bg3 Nc1+ 51. Kd2 Nd3 0-1

[Event "1st Turkish League 2017"]
[Site "Konya"]
[Date "2017.07.21"]
[Round "7"]
[White "Saim, Sida"]
[Black "Erece, Ece Alkim"]
[Result "1/2-1/2"]
[ECO "A31"]
[WhiteElo "1634"]
[BlackElo "1829"]
[Annotator "NA"]
[PlyCount "124"]
[EventType "team-tourn"]
[EventCountry "TUR"]
[SourceTitle "playchess.com"]
[Source "ChessBase"]
[SourceQuality "1"]
[TimeControl "5400+30"]

1. c4 Nf6 2. Nc3 c5 3. Nf3 g6 4. g3 Nc6 5. Bg2 d6 6. O-O Bg7 7. d4 cxd4 8. Nxd4 Bd7 9. Rb1 O-O 10. Re1 Nxd4 11. Qxd4 Bc6 12. Qd3 Bxg2 13. Kxg2 Nd7 14. Ne4 Ne5 15. Qd5 Qc7 16. b3 Rfd8 17. c5 e6 18. Qd2 dxc5 19. Qc2 b6 20. Bg5 Rd5 21. h4 h6 22. Bf4 Qb7 23. Kg1 Rad8 24. Qc1 Kh7 25. f3 Nc6 26. Kg2 Nd4 27. g4 f5 28. Nc3 R5d7 29. g5 h5 30. Be3 e5 31. Bg1 Ne6 32. Be3 e4 33. Bf2 Rd2 34. fxe4 Bxc3 35. Qxc3 Qxe4+ 36. Qf3 Nf4+ 37. Kf1 Re8 38. Qxe4 Rxe4 39. Rbd1 Rxa2 40. Rd7+ Kg8 41. Rd8+ Kf7 42. Rd7+ Re7 43. Rd6 Raxe2 44. Red1 R2e6 45. Rd8 Ne2 46. Rh8 Nc3 47. Rdd8 Re4 48. Rdf8+ Ke6 49. Rf6+ Ke5 50. Rxg6 Kf4 51. Rf6 Nd1 52. Rhf8 R7e5 53. g6 Nxf2 54. g7 Ng4 55. Rxf5+ Rxf5 56. g8=Q Rxf8 57. Qxf8+ Kg3 58. Qb8+ Kxh4 59. Qxa7 Rf4+ 60. Ke1 Rf6 61. Qd7 Kg5 62. Qd5+ Kh4 1/2-1/2

[Event "1st Turkish League 2017"]
[Site "Konya"]
[Date "2017.07.21"]
[Round "7"]
[White "Sahin, Hayrun Nisa"]
[Black "Ozbek, Busra"]
[Result "0-1"]
[ECO "E61"]
[WhiteElo "1576"]
[BlackElo "1796"]
[Annotator "NA"]
[PlyCount "84"]
[EventType "team-tourn"]
[EventCountry "TUR"]
[SourceTitle "playchess.com"]
[Source "ChessBase"]
[SourceQuality "1"]
[TimeControl "5400+30"]

1. c4 g6 2. d4 Bg7 3. Nc3 d6 4. g3 Nf6 5. Bg2 O-O 6. e3 Re8 7. Nge2 Nbd7 8. O-O e5 9. dxe5 dxe5 10. Qc2 c6 11. Rd1 Qe7 12. e4 Nf8 13. h3 Be6 14. b3 Rad8 15. Be3 b6 16. Kh2 Bc8 17. a4 Ne6 18. a5 Qc7 19. axb6 axb6 20. Na4 Nd4 21. Nxd4 exd4 22. Bxd4 Ng4+ 23. hxg4 Bxd4 24. Rab1 Bxg4 25. f3 Bc8 26. Nc3 h5 27. Ne2 Bf2 28. f4 h4 29. gxh4 Qe7 30. Qc3 Qxh4+ 31. Bh3 Rxd1 32. Rxd1 Rxe4 33. Qd3 Qxh3+ 34. Qxh3 Bxh3 35. Kxh3 Rxe2 36. Rd6 Bc5 37. Rxc6 Re3+ 38. Kg4 Rxb3 39. Rc8+ Kg7 40. Re8 Re3 41. Rxe3 Bxe3 42. f5 g5 0-1

[Event "1st Turkish League 2017"]
[Site "Konya"]
[Date "2017.07.22"]
[Round "8"]
[White "Nechaeva, Marina"]
[Black "Bivol, Alina"]
[Result "1/2-1/2"]
[ECO "E84"]
[WhiteElo "2408"]
[BlackElo "2379"]
[Annotator "NA"]
[PlyCount "62"]
[EventType "team-tourn"]
[EventCountry "TUR"]
[SourceTitle "playchess.com"]
[Source "ChessBase"]
[SourceQuality "1"]
[TimeControl "5400+30"]

1. d4 Nf6 2. c4 g6 3. Nc3 Bg7 4. e4 d6 5. f3 O-O 6. Nge2 Nc6 7. Be3 a6 8. Qd2 Rb8 9. Rc1 Bd7 10. Nd1 {[%emt 0:06:30] E84: King's Indian: Sämisch Panno: 7 Nge2 a6 8 Qd2 Rb8} (10. h4 h5 11. Nd1 e5 12. d5 Ne7 13. Nf2 Nh7 14. c5 f5 15. Qb4 fxe4 16. fxe4 Rf6 17. cxd6 cxd6 {1-0 (37) Kovalenko,I (2667)-Smirin,I (2676) Poikovsky 2016}) 10... Re8 11. Nf2 e6 12. Bg5 e5 13. d5 Nd4 14. Nxd4 exd4 15. Be2 c5 16. dxc6 bxc6 17. Bf4 Rb7 18. Bxd6 Bh3 $146 19. Nxh3 $14 (19. c5 $16 Bxg2 20. Rg1 Bxf3 21. Bxf3) 19... Qxd6 20. Nf2 Nd7 21. O-O Be5 22. g3 Bxg3 23. hxg3 Qxg3+ 24. Kh1 Nf6 25. Qxd4 Nh5 26. Rg1 Qh4+ 27. Kg2 Qg5+ 28. Kh2 Qf4+ 29. Kh3 Qh6 30. Kg2 Qg5+ 31. Kh2 Qf4+ 1/2-1/2

[Event "1st Turkish League 2017"]
[Site "Konya"]
[Date "2017.07.22"]
[Round "8"]
[White "Erturan, Yakup"]
[Black "Mollaoglu, Ergin"]
[Result "1/2-1/2"]
[ECO "D94"]
[WhiteElo "2371"]
[BlackElo "2322"]
[Annotator "NA"]
[PlyCount "61"]
[EventType "team-tourn"]
[EventCountry "TUR"]
[SourceTitle "playchess.com"]
[Source "ChessBase"]
[SourceQuality "1"]
[TimeControl "5400+30"]

1. d4 Nf6 2. c4 c6 3. Nc3 d5 4. e3 g6 5. Nf3 Bg7 6. Bd3 O-O 7. O-O dxc4 8. Bxc4 Nd5 9. Qe2 Be6 10. e4 Nxc3 11. bxc3 Bxc4 12. Qxc4 Nd7 13. a4 $14 c5 14. Rb1 Qc7 15. Ba3 Rac8 16. e5 cxd4 17. Qxc7 Rxc7 18. cxd4 Nb6 19. a5 Nd5 20. Bc5 Ra8 21. Rb3 b6 22. Bb4 Rc4 23. Bd2 e6 24. Ra1 Rac8 25. Rb2 h6 26. Kf1 g5 27. h3 Bf8 28. g3 Be7 29. axb6 axb6 30. Rba2 b5 31. Ra8 1/2-1/2

[Event "1st Turkish League 2017"]
[Site "Konya"]
[Date "2017.07.22"]
[Round "8"]
[White "Khukhashvili, Sopiko"]
[Black "Dai, Irmak"]
[Result "1-0"]
[ECO "B81"]
[WhiteElo "2339"]
[BlackElo "1938"]
[Annotator "NA"]
[PlyCount "45"]
[EventType "team-tourn"]
[EventCountry "TUR"]
[SourceTitle "playchess.com"]
[Source "ChessBase"]
[SourceQuality "1"]
[TimeControl "5400+30"]

1. e4 c5 2. Nf3 d6 3. d4 cxd4 4. Nxd4 Nf6 5. Nc3 e6 6. g4 Be7 7. Bg2 O-O 8. g5 Nfd7 9. h4 Nc6 10. Be3 Nb6 11. Qe2 a6 12. O-O-O Qc7 13. f4 Nxd4 14. Bxd4 Nc4 15. f5 Ne5 16. Bh3 b5 17. f6 gxf6 18. Rdg1 Kh8 19. Qh5 Bb7 20. Qh6 Qd8 21. Bb6 Qxb6 22. gxf6 Rg8 23. Rg7 1-0

[Event "1st Turkish League 2017"]
[Site "Konya"]
[Date "2017.07.22"]
[Round "8"]
[White "Kilic, Efe Mert"]
[Black "Sahin, Doga Boran"]
[Result "1/2-1/2"]
[ECO "C02"]
[WhiteElo "2287"]
[BlackElo "2018"]
[Annotator "NA"]
[PlyCount "139"]
[EventType "team-tourn"]
[EventCountry "TUR"]
[SourceTitle "playchess.com"]
[Source "ChessBase"]
[SourceQuality "1"]
[TimeControl "5400+30"]

1. e4 e6 2. d4 d5 3. e5 c5 4. c3 Nc6 5. Nf3 Qb6 6. a3 Nh6 7. Bd3 cxd4 8. cxd4 Nf5 9. Bxf5 exf5 10. Nc3 Be6 11. O-O Be7 12. b4 O-O 13. Na4 Qb5 14. Nc5 a5 15. a4 Qxb4 16. Ba3 Qb6 17. Nxe6 fxe6 18. Bxe7 Nxe7 19. Rb1 Qc7 20. Qb3 Rab8 21. Qb6 Qxb6 22. Rxb6 Nc6 23. Rfb1 Rfc8 24. g3 Rc7 25. Ng5 Nxd4 26. Nxe6 Rc4 27. Nxd4 Rxd4 28. Rxb7 Rxb7 29. Rxb7 Re4 30. Ra7 Rxe5 31. Rxa5 g6 32. f3 Re1+ 33. Kf2 Ra1 34. Ke3 Ra2 35. Kd4 Rd2+ 36. Ke5 h5 37. Rxd5 Rxh2 38. Kf6 Rg2 39. a5 Kh7 40. a6 Ra2 41. Rd6 f4 42. gxf4 h4 43. f5 gxf5 44. Kg5 h3 45. Rh6+ Kg7 46. Rxh3 Rxa6 47. Kxf5 Ra5+ 48. Kg4 Kg6 49. Rh8 Ra1 50. Rg8+ Kf6 51. Rf8+ Kg6 52. Rb8 Rg1+ 53. Kf4 Ra1 54. Rb6+ Kf7 55. Kg4 Rg1+ 56. Kf5 Ra1 57. Rb7+ Kf8 58. f4 Ra5+ 59. Kg6 Ra6+ 60. Kg5 Kg8 61. f5 Kf8 62. Rh7 Kg8 63. Rd7 Kf8 64. Rh7 Kg8 65. Re7 Kf8 66. Re4 Kf7 67. Rb4 Kg7 68. Rb5 Kf7 69. Rb7+ Kf8 70. Rh7 1/2-1/2

[Event "1st Turkish League 2017"]
[Site "Konya"]
[Date "2017.07.22"]
[Round "8"]
[White "Eminov, Orkhan"]
[Black "Gulbas, Cemil"]
[Result "1-0"]
[ECO "C13"]
[WhiteElo "2274"]
[BlackElo "2366"]
[Annotator "NA"]
[PlyCount "43"]
[EventType "team-tourn"]
[EventCountry "TUR"]
[SourceTitle "playchess.com"]
[Source "ChessBase"]
[SourceQuality "1"]
[TimeControl "5400+30"]

1. e4 e6 2. d4 d5 3. Nc3 Nf6 4. Bg5 dxe4 5. Nxe4 Be7 6. Bxf6 gxf6 7. Nf3 b6 8. Bc4 Bb7 9. Qe2 c6 10. O-O-O Qc7 11. Rhe1 Nd7 12. Kb1 $11 {[%emt 0:07:30] LiveBook: 93 Games} (12. Nc3 $5 Bb4 13. Qe3 $11) 12... O-O-O 13. Ba6 f5 14. Neg5 Rdf8 15. Bxb7+ Kxb7 16. d5 cxd5 17. Nxf7 Rxf7 18. Qxe6 Rhf8 19. Qxd5+ Kc8 20. Nd4 Bc5 21. Nb5 Qb7 22. Qxf7 1-0

[Event "1st Turkish League 2017"]
[Site "Konya"]
[Date "2017.07.22"]
[Round "8"]
[White "Keler, Faruk"]
[Black "Uzunoglu, Efe Kerem"]
[Result "1-0"]
[ECO "D77"]
[WhiteElo "2262"]
[BlackElo "2058"]
[Annotator "NA"]
[PlyCount "65"]
[EventType "team-tourn"]
[EventCountry "TUR"]
[SourceTitle "playchess.com"]
[Source "ChessBase"]
[SourceQuality "1"]
[TimeControl "5400+30"]

1. d4 Nf6 2. Nf3 g6 3. g3 Bg7 4. Bg2 O-O 5. O-O d5 6. c4 dxc4 7. Na3 c3 8. bxc3 c5 9. Ne5 Nd5 10. Bd2 Nc6 11. Nxc6 bxc6 12. Nc4 Be6 $11 {[%emt 0:11:30] LiveBook: 3 Games} (12... Ba6 $5 13. Ne5 Qd6 $11) 13. Ne5 Qc7 14. e4 Nb6 15. Bf4 g5 16. Be3 Rad8 17. Qc1 f6 18. Nd3 cxd4 19. cxd4 Nc4 20. Nc5 Bf7 21. Bh3 Nxe3 22. fxe3 Rd6 23. Rb1 Rb8 24. Rxb8+ Qxb8 25. Qc2 g4 26. Bxg4 Bh6 27. Kf2 Qb4 28. Rb1 Qc4 29. Qxc4 Bxc4 30. Rb8+ Kg7 31. Rb7 Kf8 32. Rxa7 e5 33. Nb7 1-0

[Event "1st Turkish League 2017"]
[Site "Konya"]
[Date "2017.07.22"]
[Round "8"]
[White "Isik, Alparslan"]
[Black "Guncan, Berke"]
[Result "1/2-1/2"]
[ECO "E17"]
[WhiteElo "2211"]
[BlackElo "2043"]
[Annotator "NA"]
[PlyCount "63"]
[EventType "team-tourn"]
[EventCountry "TUR"]
[SourceTitle "playchess.com"]
[Source "ChessBase"]
[SourceQuality "1"]
[TimeControl "5400+30"]

1. d4 Nf6 2. c4 e6 3. Nf3 b6 4. g3 Bb7 5. Bg2 Be7 6. O-O O-O 7. d5 Ne4 8. Nd4 exd5 9. cxd5 Bxd5 10. Nf5 Bc6 11. Nxg7 Nxf2 12. Rxf2 Kxg7 13. Qd4+ f6 14. Qh4 Bc5 {[%emt 0:03:30] [#]} 15. Bh6+ $1 Kh8 $16 16. e3 Rf7 17. Nc3 Bxg2 18. Kxg2 Bf8 19. Raf1 Bxh6 20. Qxh6 Qf8 21. Qh4 Nc6 22. Nd5 Qd6 23. Nxf6 Raf8 24. Kg1 Qe7 25. Qh6 Qe6 26. Qg5 Ne5 27. b3 Nd3 28. Rf3 Ne1 29. Rf5 Nc2 30. R5f3 Ne1 31. Rf5 Nc2 32. R5f3 1/2-1/2

[Event "1st Turkish League 2017"]
[Site "Konya"]
[Date "2017.07.22"]
[Round "8"]
[White "Sari, Yasin"]
[Black "Gunduz, Umut Erdem"]
[Result "1-0"]
[ECO "A61"]
[WhiteElo "2195"]
[BlackElo "2066"]
[Annotator "NA"]
[PlyCount "83"]
[EventType "team-tourn"]
[EventCountry "TUR"]
[SourceTitle "playchess.com"]
[Source "ChessBase"]
[SourceQuality "1"]
[TimeControl "5400+30"]

1. d4 Nf6 2. c4 c5 3. d5 e6 4. Nc3 exd5 5. cxd5 d6 6. Nf3 g6 7. Bf4 a6 8. a4 Nh5 9. Bg5 f6 10. Bh4 g5 11. Bg3 f5 12. e3 Be7 13. Nd2 Ng7 14. Bd3 O-O 15. f4 g4 16. Bf2 Nd7 17. h3 Nf6 18. hxg4 Nxg4 19. Nc4 Bf6 20. Qf3 Qe7 21. Nb6 Rb8 22. Kd2 Bd7 23. Rae1 Qd8 24. a5 Nxf2 25. Qxf2 Bb5 26. Bc2 Be8 27. g4 Bg6 28. Reg1 Qe7 29. Qh2 Rbe8 30. Nc4 Qf7 31. gxf5 Bxc3+ 32. Kxc3 Qf6+ 33. Kd2 Bxf5 34. Bxf5 Qxf5 35. Nxd6 Qxd5+ 36. Kc1 Qd3 37. e4 h5 38. Qxh5 Qe3+ 39. Kb1 Qd3+ 40. Ka2 Qxd6 41. Qh7+ Kf7 42. Qxg7+ 1-0

[Event "1st Turkish League 2017"]
[Site "Konya"]
[Date "2017.07.22"]
[Round "8"]
[White "Olcum, Ahmet"]
[Black "Caglar, Ahmet Ata"]
[Result "1-0"]
[ECO "B23"]
[WhiteElo "2183"]
[BlackElo "2082"]
[Annotator "NA"]
[PlyCount "35"]
[EventType "team-tourn"]
[EventCountry "TUR"]
[SourceTitle "playchess.com"]
[Source "ChessBase"]
[SourceQuality "1"]
[TimeControl "5400+30"]

1. e4 c5 2. d3 Nc6 3. Nc3 Nf6 4. g3 d5 5. exd5 Nxd5 6. Bg2 e6 7. Nge2 Be7 8. O-O O-O 9. f4 Bf6 10. Kh1 b6 11. f5 Qd7 12. Nxd5 exd5 13. Nf4 d4 14. Nd5 Be5 15. f6 gxf6 16. Bh6 Re8 17. Qh5 Bb7 18. Rxf6 1-0